AoeStats
← kristiian

Arabia

507368298Analyzed
1v1 RM · 15d ago on Sep 17, 2026· 48m 44s· 2 players
Game mode
Random Map
Map size
Tiny (2 player)
Population
200
Speed
Normal
Resources
Standard
Victory
Conquest
Starting age
Dark Age
Ending age
Imperial Age
RankedLock teamsTeams togetherTeam positionsShared explorationLock speedFull tech treeHidden civsTurbo modeCheats
Victory
Defeat
🇲🇽 Turks · Mexico
535
+15
🇨🇿 Bohemians · Czechia
508
-15
kristiian
0:40 Loom
12:16 Feudal Age
18:19 Double-Bit Axe
24:36 Horse Collar
28:27 Castle Age
28:55 Scale Barding Armor
30:15 Husbandry
34:31 Chain Barding Armor
36:12 Wheelbarrow
36:11 Bow Saw
40:07 Heavy Plow
47:14 Scale Mail Armor
47:07 Fletching
jdansolis
0:31 Loom
10:54 Feudal Age
23:55 Castle Age
24:10 Double-Bit Axe
24:08 Horse Collar
24:43 Bloodlines
24:31 Gold Mining
25:21 Bow Saw
26:39 Husbandry
29:02 Heavy Plow
30:29 Stone Mining
34:14 Caravan
35:15 Gold Shaft Mining
37:57 Coinage
39:01 Squires
39:41 Scale Barding Armor
39:47 Forging
39:28 Fletching
39:39 Padded Archer Armor
39:40 Scale Mail Armor
44:43 Imperial Age
42:50 Wheelbarrow
43:20 Chain Barding Armor
43:02 Town Watch
43:54 Chain Mail Armor
44:51 Treadmill Crane
45:32 Ballistics
45:03 Guard Tower
45:24 Fortified Wall
45:09 Murder Holes
45:25 Masonry
46:03 Capped Ram
49:19 Two-Man Saw
48:50 Leather Archer Armor
49:11 Iron Casting
49:23 Hand Cart
Connection lost

Rejoining the realm…

Still unreachable

The connection could not be restored.

Session expired

The server has moved on; the page needs a fresh start.